 Dungeon Crawl Stone Soup version 0.31.0-12-g77e489cdc1 (webtiles) character file.

Game seed: 13330790613639123843

174 Killerpretzel the Changeling (level 5, -3/35 HPs)
             Began as an Octopode Shapeshifter on Feb 21, 2024.
             Slain by a gnoll
             ... wielding a +0 flail
              (8 damage)
             ... on level 4 of the Dungeon.
             The game lasted 00:01:56 (2680 turns).

Killerpretzel the Changeling (OpSh)                 Turns: 2680, Time: 00:01:57

Health: -3/35      AC:  1    Str: 13    XL:     5   Next: 54%
Magic:  5/5        EV: 14    Int: 12    God:
Gold:   180        SH:  0    Dex: 14    Spells: 4/4 levels left

rFire   . .          .
                       - Unarmed
rCold   . . .        (no shield)
rNeg    . . .        (helmet currently unavailable)
rPois   .            (no amulet)
rElec   .            (no ring)
rCorr   .            (no ring)
SInv    .            (no ring)
Will    .....        (no ring)
Stlth   ++           (no ring)
HPRegen 0.25/turn    (no ring)
MPRegen 0.09/turn    (no ring)
                     (no ring)

%: no passive effects
@: beast-form
A: beast (slay +2), almost no armour, amphibious, 8 rings, camouflage 1,
gelatinous body 1, (nimble swimmer 1), tentacles
a: Begin Untransformation


You were on level 4 of the Dungeon.
You were a hulking beast.
You visited 1 branch of the dungeon, and saw 4 of its levels.

You collected 180 gold pieces.

Inventory:

Missiles
 n - 2 boomerangs (quivered)
Jewellery
 e - an amulet of the acrobat
 h - a +4 ring of slaying
Talismans
 b - a beast talisman
 c - a flux talisman
Wands
 j - a wand of flame (21)
 m - a wand of digging (11)
Scrolls
 k - a scroll of teleportation {unknown}
Potions
 a - a potion of lignification
 d - a potion of brilliance
 f - a potion of heal wounds
 g - a potion of berserk rage
 i - a potion of enlightenment {unknown}
 l - a potion of mutation {unknown}


   Skills:
 + Level 2.3 Fighting
 + Level 3.0 Dodging
 + Level 3.7 Unarmed Combat
 * Level 4.2 Shapeshifting


You had 4 spell levels left.
You didn't know any spells.
Your spell library contained the following spells:

 Spells                   Type           Power      Damage    Failure   Level
 Magic Dart               Conj           0%         1d3       32%         1
 Sting                    Conj/Alch      0%         1d3       32%         1
 Mercury Vapours          Alch/Air       0%         N/A       45%         2
 Searing Ray              Conj           0%         2d4       45%         2
 Stone Arrow              Conj/Erth      0%         3d7       69%         3
 Fulminant Prism          Conj/Alch      0%         3d5       97%         4
 Olgreb's Toxic Radiance  Alch           0%         N/A       97%         4
 Lehudib's Crystal Spear  Conj/Erth      0%         10d2      100%        8
 Animate Armour           Summ/Erth      Unusable   N/A       N/A         4

Dungeon Overview and Level Annotations

Branches:
Dungeon (4/15)
 Temple: D:4-7

Altars:


Innate Abilities, Weirdness & Mutations

You are a hulking beast.
Your limbs bulge with bestial killing power. (Slay +2)
You cannot wear most types of armour.
You are amphibious.
You can wear up to eight rings at the same time.
Your skin changes colour to match your surroundings (Stealth+).
Your rubbery body absorbs attacks. (AC +1, EV +1)
((You are camouflaged when in or above water. (Stealth+)))
You have tentacles for arms and can constrict up to eight enemies at once.


Message History

Your grab misses the gnoll. You tentacle-slap the gnoll.
The gnoll is moderately wounded.
The gnoll hits you from afar with a +0 spear.
The gnoll hits you with a +0 club!
You are too injured to fight recklessly!
You are too injured to fight recklessly!
You are too injured to fight recklessly!
You are too injured to fight recklessly!
You are too injured to fight recklessly!
You are too injured to fight recklessly!
There are monsters nearby!
You are too injured to fight recklessly!
You are too injured to fight recklessly!
You are too injured to fight recklessly!
You are too injured to fight recklessly!
You are too injured to fight recklessly!
You are too injured to fight recklessly!
You are too injured to fight recklessly!
You are too injured to fight recklessly!
You are too injured to fight recklessly!
You are too injured to fight recklessly!
There are monsters nearby!
You are too injured to fight recklessly!
You are too injured to fight recklessly!
You are too injured to fight recklessly!
You are too injured to fight recklessly!
You are too injured to fight recklessly!
You are too injured to fight recklessly!
You are too injured to fight recklessly!
You are too injured to fight recklessly!
You are too injured to fight recklessly!
You are too injured to fight recklessly!
There are monsters nearby!
The gnoll attacks as it pursues you! The gnoll closely misses you.
An orc comes into view. It is wielding a +0 whip.
The gnoll attacks as it pursues you! The gnoll hits you with a +0 flail!
* * * LOW HITPOINT WARNING * * *
The orc moves out of view.
The gnoll attacks as it pursues you! The gnoll hits you with a +0 flail!
You die...

.# ###...
.########....#
.......!..# .#
....)..>.###.#
.#######g.#..#
##.g.##.#.#
##g###.#.# #h# #.#.#
#.# #.#.#
##.###)#.##########
##...##.#..........#
#.........########.#
#.............# #.#
#.#.#.###.###.# #.#
#.#.#.# #.# #.# ##.#
#########.#.#.###.#
#.###...


You could see 3 gnolls.

Vanquished Creatures
  A bombardier beetle (D:4)
  A hound (D:4)
  5 adders
  2 ribbon worms
  An orc (D:3)
  8 endoplasms
  3 giant cockroaches
  11 goblins
  2 hobgoblins
  2 quokkas
  A ball python (D:2)
  6 bats
  A frilled lizard (D:1)
  5 kobolds
  3 rats
52 creatures vanquished.

Notes
Turn   | Place    | Note
-------+----------+-------------------------------------------
     0 | D:1      | Killerpretzel the Octopode Shapeshifter began the quest for
                  | the Orb.
     0 | D:1      | Reached XP level 1. HP: 13/13 MP: 1/1
   143 | D:1      | Reached XP level 2. HP: 18/18 MP: 2/2
   645 | D:2      | Reached XP level 3. HP: 5/23 MP: 3/3
  1035 | D:2      | Reached XP level 4. HP: 29/29 MP: 4/4
  2416 | D:4      | Reached skill level 4 in Shapeshifting
  2447 | D:4      | Reached XP level 5. HP: 29/34 MP: 5/5
  2680 | D:4      | Slain by a gnoll

Illustrated notes

Levels and vault maps discovered:
D:1:      mainiacjoe_arrival_reflecting_pool, layout_basic,
          nicolae_concentric_dashed_squares_wild, minmay_misc_feat_rows,
          hex_medium
D:2:      layout_basic
D:3:      layout_loops_cross, serial_aquarium, aquarium_bridge_square
          [aquarium_subvault_wall, aquarium_subvault_bridge,
          aquarium_subvault_window, aquarium_subvault_wall], aquarium_window_1,
          aquarium_window_fake, aquarium_view_2d
D:4:      layout_loops_ring

Skill      XL: |  1  2  3  4  5 |
---------------+----------------+-----
Fighting       | 2 |  2.3
Shapeshifting  | 4 |  4.2
Dodging        | 3 |  3.0
Unarmed Combat | |  3.7

Action                     |  1- 3 |  4- 6 || total
---------------------------+-------+-------++-------
  Melee: Unarmed           |    69 |    52 ||   121
         Constrict         |    16 |    10 ||    26
         Tentacles         |     8 |    12 ||    20
         Punch             |     2 |     3 ||     5
    Use: Scroll            |     4 |     4 ||     8
   Stab: Sleeping          |     4 |     6 ||    10
 Armour: Skin              |    32 |    21 ||    53
  Dodge: Dodged            |    43 |    23 ||    66
